 Dungeon Crawl Stone Soup version 0.25-a0-1119-g28b6fd0c3b (webtiles) character file.

Game seed: 18094010514844213400, levelgen mode: deterministic

199 MisterFreud the Slasher (level 5, 0/37 HPs)
             Began as an Octopode Gladiator on May 18, 2020.
             Slain by a gnoll
             ... wielding a +0 spear
              (9 damage)
             ... on level 3 of the Dungeon.
             The game lasted 00:03:40 (2775 turns).

MisterFreud the Slasher (Octopode Gladiator)        Turns: 2775, Time: 00:03:41

Health: 0/37       AC:  1    Str: 13    XL:     5   Next: 77%
Magic:  5/5        EV: 14    Int: 12    God:
Gold:   125        SH:  0    Dex: 13    Spells: 4/4 levels left

rFire    . . .     SeeInvis .   a - +0 long sword
rCold    . . .     Gourm    .   (no shield)
rNeg     . . .     Faith    .   b - +0 hat
rPois    .         Spirit   .   f - amulet of magic regeneration
rElec    .         Reflect  .   (no ring)
rCorr    .         Harm     .   (no ring)
MR       .....                  (no ring)
Stlth    ++........             (no ring)
HPRegen  0.12/turn              (no ring)
MPRegen  0.34/turn              (no ring)
                                (no ring)
                                (no ring)

@: no status effects
A: almost no armour, stealthy swim, amphibious, 8 rings, constrict 8, camouflage
1, gelatinous body 1
a: no special abilities


You were on level 3 of the Dungeon.
You were not hungry.

You visited 1 branch of the dungeon, and saw 3 of its levels.

You collected 125 gold pieces.

Inventory:

Hand Weapons
 a - a +0 long sword (weapon)
Missiles
 c - 3 throwing nets (quivered)
Armour
 b - a +0 hat (worn)
Jewellery
 f - an amulet of magic regeneration (around mantle)
Scrolls
 g - a scroll of teleportation {unknown}
 h - 2 scrolls of blinking {unknown}
 i - a scroll of enchant armour {unknown}
 o - a scroll of amnesia {unknown}
Potions
 e - a potion of haste {unknown}
 j - a potion of degeneration {unknown}
 k - a potion of lignification {unknown}
 l - a potion of curing {unknown}
 m - a potion of flight {unknown}
Comestibles
 d - 8 rations
 n - 2 chunks of flesh


   Skills:
 - Level 4.0 Fighting
 + Level 5.1 Long Blades
 - Level 2.0 Throwing
 - Level 3.0 Dodging


You had 4 spell levels left.
You didn't know any spells.
Your spell library was empty.

Dungeon Overview and Level Annotations

Branches:
Dungeon (3/15)

Altars:


Innate Abilities, Weirdness & Mutations

You cannot wear most types of armour.
You are very stealthy in the water. (Stealth+)
You are amphibious.
You can wear up to eight rings at the same time.
You can use your tentacles to constrict eight enemies at once.
Your skin changes colour to match your surroundings (Stealth+).
Your rubbery body absorbs attacks. (AC +1, EV +1)


Message History

The adder barely misses you.
You riposte.
You hit the adder. You grab the adder.
The adder is lightly wounded.
You barely miss the adder.
The adder is lightly wounded.
You constrict the adder. You constrict the gnoll.
You kill the gnoll!
The adder barely misses you.
You riposte.
You hit the adder.
The adder is heavily wounded.
The gnoll closely misses you. The adder closely misses you.
Unknown command.
You hit the adder.
The adder is almost dead.
You constrict the adder.
You kill the adder!
The gnoll hits you from afar with a +0 spear!
* * * LOW HITPOINT WARNING * * *
The gnoll barely misses you. The gnoll hits you with a +0 spear!
You die...

#### #.........
...# #.#
#......... ##.#
#.## #......)..
##<# #...
+......... ##.#
#..#.####.........
##.#
#..#..............
##.#
#..######.########
##.#
#g......#.##...>..
##.# #@††..#
#.##...... ##.#
#..##.#.#.##......
##.#
#.......#.........
##.#
##.##.#...........
##.#
#...#.#...##...÷..
##.#
#.>.#.###.##.)....
##.# #.#.#.#
#.##...... ##.#
#.#.#(###......###
##.#
#.#............#


You could see a gnoll.

Vanquished Creatures
  An orc wizard (D:3)
  A gnoll (D:3)
  8 adders
  2 oozes
  5 worms
  2 dart slugs
  A leopard gecko (D:1)
  7 orcs (D:3)
  3 giant cockroaches
  5 goblins
  4 hobgoblins
  A quokka (D:3)
  8 bats
  6 frilled lizards
  8 kobolds
  8 rats
70 creatures vanquished.

Notes
Turn   | Place    | Note
-------+----------+-------------------------------------------
     0 | D:1      | MisterFreud the Octopode Gladiator began the quest for the
                  | Orb.
     0 | D:1      | Reached XP level 1. HP: 14/14 MP: 1/1
   199 | D:1      | Reached XP level 2. HP: 20/20 MP: 2/2
   707 | D:2      | Reached XP level 3. HP: 26/26 MP: 3/3
  1008 | D:2      | Reached XP level 4. HP: 8/33 MP: 4/4
  2294 | D:3      | Reached skill level 4 in Long Blades
  2421 | D:3      | Reached XP level 5. HP: 37/37 MP: 5/5
  2761 | D:3      | Reached skill level 5 in Long Blades
  2775 | D:3      | Slain by a gnoll

Illustrated notes

Levels and vault maps discovered:
D:1:      psy_arrival_spokes, layout_rooms, minivault_25
D:2:      layout_loops_ring, first_ration
D:3:      minmay_door_path, layout_basic, lemuel_crystal_altar, goddamned_bats

Skill      XL: |  1  2  3  4  5 |
---------------+----------------+-----
Fighting       | 3 4 |  4.0
Long Blades    | 4 5 |  5.1
Throwing       | |  2.0
Dodging        | |  3.0

Action                   |  1- 3 |  4- 6 || total
-------------------------+-------+-------++-------
Melee: Long sword        |    50 |    60 ||   110
       Constrict         |    14 |    25 ||    39
       Tentacles         |    10 |    20 ||    30
 Stab: Sleeping          |     6 |     7 ||    13
  Eat: Chunk             |       |     6 ||     6
Armor: Skin              |     6 |     3 ||     9
Dodge: Dodged            |    42 |    51 ||    93
       Rpst.: Long sword |    15 |    21 ||    36

Table legend:
 A = Non-vault XP
 B = Vault XP
 C = Vault XP percentage of total XP
 D = Non-vault monster count
 E = Vault monster count
 F = Vault count percentage of total count
                 A         B        C        D         E       F
            +---------+---------+-------+---------+---------+-------
      Total |     285 |       0 |   0.0 |      70 |       0 |   0.0
            +---------+---------+-------+---------+---------+-------
        D:1 |      31 |       0 |   0.0 |      20 |       0 |   0.0
        D:2 |      93 |       0 |   0.0 |      21 |       0 |   0.0
        D:3 |     161 |       0 |   0.0 |      29 |       0 |   0.0
            +---------+---------+-------+---------+---------+-------
